AoeStats
← Capybara-Master

Arabia

510440035Analyzed
1v1 RM · 1d ago on Oct 1, 2026· 54m 48s· 2 players
Game mode
Random Map
Map size
Tiny (2 player)
Population
200
Speed
Normal
Resources
Standard
Victory
Conquest
Starting age
Dark Age
Ending age
Imperial Age
RankedLock teamsTeams togetherTeam positionsShared explorationLock speedFull tech treeHidden civsTurbo modeCheats
Victory
Defeat
🇲🇦 Byzantines · Morocco
926
+17
🇧🇷 Japanese · Brazil
946
-17
lbejj
6:52 Loom
10:16 Feudal Age
19:01 Double-Bit Axe
19:00 Horse Collar
22:18 Stone Mining
25:21 Castle Age
23:26 Gold Mining
24:56 Fletching
25:07 Padded Archer Armor
25:49 Elite Skirmisher
26:19 Pikeman
27:01 Squires
27:00 Bodkin Arrow
30:45 Leather Archer Armor
47:32 Imperial Age
48:48 Forging
48:45 Scale Barding Armor
48:41 Bracer
49:12 Ring Archer Armor
53:00 Halberdier
Capybara-Master
7:17 Loom
9:41 Feudal Age
10:32 Man-at-Arms
26:45 Castle Age
24:40 Town Watch
26:27 Horse Collar
27:41 Bloodlines
27:31 Husbandry
27:57 Double-Bit Axe
28:13 Heavy Plow
32:19 Bow Saw
36:24 Gambesons
37:19 Gold Mining
37:12 Long Swordsman
38:35 Forging
38:17 Fletching
38:05 Light Cavalry
41:24 Scale Mail Armor
42:00 Iron Casting
44:15 Chain Mail Armor
45:24 Bodkin Arrow
50:37 Imperial Age
48:43 Wheelbarrow
48:09 Town Patrol
49:03 Gold Shaft Mining
49:33 Squires
51:03 Padded Archer Armor
51:28 Ballistics
51:04 Murder Holes
52:31 Plate Mail Armor
51:28 Cavalier
51:37 Crossbowman
52:22 Thumb Ring
53:30 Arbalester
Connection lost

Rejoining the realm…

Still unreachable

The connection could not be restored.

Session expired

The server has moved on; the page needs a fresh start.